AoeStats
← cisi1982

Arabia

507742196Analyzed
1v1 RM · 13d ago on Sep 19, 2026· 69m 48s· 2 players
Game mode
Random Map
Map size
Tiny (2 player)
Population
200
Speed
Normal
Resources
Standard
Victory
Conquest
Starting age
Dark Age
Ending age
Imperial Age
RankedLock teamsTeams togetherTeam positionsShared explorationLock speedFull tech treeHidden civsTurbo modeCheats
Victory
Defeat
🇨🇿 Malians · Czechia
886
+14
🇺🇾 Franks · Uruguay
851
-14
braianr1318
7:22 Loom
9:50 Feudal Age
10:44 Double-Bit Axe
13:37 Town Watch
16:32 Wheelbarrow
16:33 Forging
22:46 Castle Age
26:22 Pikeman
29:27 Scale Mail Armor
32:04 Town Patrol
32:12 Scale Barding Armor
33:09 Chain Mail Armor
35:30 Hand Cart
36:41 Iron Casting
38:34 Husbandry
44:16 Imperial Age
41:50 Fletching
45:43 Halberdier
49:02 Blast Furnace
48:33 Plate Mail Armor
50:46 Chain Barding Armor
52:28 Chemistry
51:39 Masonry
51:26 Murder Holes
51:52 Ballistics
53:51 Chivalry
55:59 Cavalier
62:16 Paladin
65:40 Bodkin Arrow
67:59 Bow Saw
cisi1982
10:22 Feudal Age
8:38 Loom
16:38 Castle Age
16:50 Forging
31:44 Double-Bit Axe
31:41 Horse Collar
34:56 Heavy Plow
36:50 Husbandry
37:02 Bloodlines
43:32 Imperial Age
42:37 Fletching
42:47 Padded Archer Armor
43:23 Iron Casting
42:54 Scale Barding Armor
42:36 Town Watch
43:46 Bow Saw
44:55 Scale Barding Armor
44:46 Bodkin Arrow
45:06 Leather Archer Armor
47:49 Sanctity
47:26 Heavy Camel Rider
48:33 Tigui
48:58 Conscription
48:47 Farimba
49:27 Chain Barding Armor
49:08 Scale Mail Armor
51:12 Plate Barding Armor
55:44 Wheelbarrow
55:09 Town Patrol
57:12 Crossbowman
57:59 Thumb Ring
58:39 Light Cavalry
59:56 Hand Cart
62:18 Elite Gbeto
62:51 Arbalester
64:56 Ring Archer Armor
64:53 Ballistics
69:14 Conscription
68:25 Sappers
Connection lost

Rejoining the realm…

Still unreachable

The connection could not be restored.

Session expired

The server has moved on; the page needs a fresh start.